 Dungeon Crawl Stone Soup version 0.21-a0-529-g8c7b3f5 (webtiles) character file.

52 slep the Chopper (level 3, -6/30 HPs)
             Began as a Hill Orc Gladiator on Dec 12, 2017.
             Mangled by a worm (9 damage)
             ... on level 2 of the Dungeon.
             The game lasted 00:02:36 (1125 turns).

slep the Chopper (Hill Orc Gladiator)               Turns: 1125, Time: 00:02:37

Health: -6/30      AC:  4    Str: 16    XL:     3   Next: 85%
Magic:  3/3        EV: 12    Int:  8    God:
Gold:   34         SH:  0    Dex: 13    Spells: 2/2 levels left

rFire    . . .     SeeInvis .   a - +0 war axe
rCold    . . .     Gourm    .   (no shield)
rNeg     . . .     Faith    .   b - +0 leather armour
rPois    .         Spirit   .   c - +0 helmet
rElec    .         Reflect  .   (no cloak)
rCorr    .         Harm     .   (no gloves)
MR       .....                  (no boots)
Stlth    +.........             (no amulet)
HPRegen  0.10/turn              (no ring)
MPRegen  0.08/turn              (no ring)

@: no status effects
A: no striking features
a: no special abilities


You were on level 2 of the Dungeon.
You were not hungry.

You visited 1 branch of the dungeon, and saw 2 of its levels.

You collected 34 gold pieces.

Inventory:

Hand Weapons
 a - a +0 war axe (weapon)
Missiles
 d - 3 throwing nets (quivered)
Armour
 b - a +0 leather armour (worn)
 c - a +0 helmet (worn)
Jewellery
 j - a +6 ring of strength {unknown}
Scrolls
 g - a scroll of teleportation {unknown}
 i - 2 scrolls of remove curse {unknown}
 k - a scroll of enchant weapon {unknown}
 l - 3 scrolls of identify {unknown}
Potions
 e - a potion of lignification {unknown}
 m - 2 potions of heal wounds {unknown}
Comestibles
 f - a bread ration
 h - a royal jelly


   Skills:
 + Level 2.9 Fighting
 + Level 5.3 Axes
 + Level 1.8 Throwing
 + Level 1.1 Armour
 + Level 2.6 Dodging


You had 2 spell levels left.
You didn't know any spells.

Dungeon Overview and Level Annotations

Branches:
Dungeon (2/15)

Altars:
Trog


Message History

There is a stone staircase leading up here.
You hit the worm but do no damage. You slash the worm! You hit the worm.
The worm is lightly wounded.
You barely miss the worm. The worm bites you. The worm bites you!
You hit the worm.
The worm is lightly wounded.
You slash the worm! The worm closely misses you. The worm bites you.
You barely miss the worm.
The worm is lightly wounded.
You barely miss the worm. You hit the worm.
The worm is lightly wounded.
You barely miss the worm. The worm bites you!
* * * LOW HITPOINT WARNING * * *
The worm barely misses you.
You hit the worm.
The worm is moderately wounded.
You hit the worm. The worm barely misses you. The worm bites you!
You die...

##...######...###.#
#.........'.⌠...###
###.........#........
#.......#######....>. # #.#.....#
#.###....
#.###.#.....#####...##.⌠.
..................###)...
......w........###....<. .......#
.#...@.......#........ ......#.
###.w##.###.+.⌠...### #........
#......# ###...### #..#....#
##.##..######.#### #..#....#
####÷#####.........# #..#....#
##.......##.........##. #..#....#
#.........##......).##.
#..#...<##...........#.#####..##.
##.##'####....###....#. ##.##.


You could see 2 worms.

Vanquished Creatures
  An adder (D:2)
  2 worms (D:2)
  A dart slug (D:2)
  2 leopard geckos
  A bat (D:1)
  4 goblins (D:1)
  3 hobgoblins (D:1)
  3 jackals (D:2)
  9 kobolds
  7 rats
33 creatures vanquished.

Notes
Turn   | Place    | Note
-------+----------+-------------------------------------------
     0 | D:1      | slep the Hill Orc Gladiator began the quest for the Orb.
     0 | D:1      | Reached XP level 1. HP: 18/18 MP: 1/1
   136 | D:1      | Reached XP level 2. HP: 13/25 MP: 2/2
   678 | D:2      | Reached XP level 3. HP: 30/30 MP: 3/3
   698 | D:2      | Reached skill level 5 in Axes
   709 | D:2      | Reached skill level 1 in Armour
   814 | D:2      | Noticed a moth of wrath
   817 | D:2      | Found a bloodstained altar of Trog.
   834 | D:2      | HP: 1/30 [rat (4)]
  1125 | D:2      | Mangled by a worm

Vault maps used:
D:1:      dpeg_chamrin_arrival_tetris
D:2:      tgw_trog, chequers_ecumenical_altar_simple, grunt_ministairs_13

Skill      XL: |  1  2  3 |
---------------+----------+-----
Axes           | 5 |  5.3
Armour         | 1 |  1.1
Fighting       | |  2.9
Throwing       | |  1.8
Dodging        | |  2.6

Action                   || total
-------------------------++-------
Melee: War axe           ||    86
  Eat: Chunk             ||     1
Armor: Leather armour    ||    19
Dodge: Dodged            ||    59

Table legend:
 A = Spawn XP
 B = Non-spawn XP
 C = Spawn XP percentage of total XP
 D = Spawn monster count
 E = Non-spawn monster count
 F = Spawn count percentage of total count
 G = Total turns spent on level
                    A         B        C        D         E        F      G
               +---------+---------+-------+---------+---------+-------+---------
         Total |       0 |      75 |   0.0 |       0 |      33 |   0.0 |  1125
               +---------+---------+-------+---------+---------+-------+---------
           D:1 |       0 |      32 |   0.0 |       0 |      20 |   0.0 |   945
           D:2 |       0 |      43 |   0.0 |       0 |      13 |   0.0 |   180
               +---------+---------+-------+---------+---------+-------+---------
